 Dungeon Crawl Stone Soup version 0.30.1-4-g462c640d31 (webtiles) character file.

Game seed: 9518452507403831324

52490 shmup the Arsonist (level 14, -11/84 HPs)
             Began as a Tengu Fire Elementalist on Aug 15, 2023.
             Was a High Priest of Nemelex Xobeh.
             Mangled by a komodo dragon (27 damage)
             ... on level 11 of the Dungeon on Aug 17, 2023.
             The game lasted 01:48:35 (29578 turns).

shmup the Arsonist (Tengu Fire Elementalist)       Turns: 29578, Time: 01:48:35

Health: -11/84     AC: 14    Str: 15    XL:     14   Next: 64%
Magic:  19/22      EV: 20    Int: 22    God:    Nemelex Xobeh [*****.]
Gold:   205        SH:  0    Dex: 15    Spells: 7/23 levels left

rFire   + . .        b - +9 flail of the Iron City of Dis {heavy, rF+}
rCold   . . .        (no shield)
rNeg    . . .        s - +2 robe {Will+}
rPois   .            c - +3 crown of Dyrovepreva {rElec Int+2 SInv}
rElec   +            (no cloak)
rCorr   .            I - +2 pair of gloves
SInv    +            (boots unavailable)
Will    ++...        y - amulet of the acrobat
Stlth   ++           n - +4 ring of protection
HPRegen 0.34/turn    P - +6 ring of strength
MPRegen 0.18/turn

%: acrobat
@: flying quickly and evasively, quick
A: beak, talons 3, nimble flight
a: Renounce Religion, Draw Escape, Draw Destruction, Draw Summoning, Triple
Draw, Deal Four, Stack Five


You were on level 11 of the Dungeon.
You worshipped Nemelex Xobeh.
Nemelex Xobeh was extremely pleased with you.
You visited 4 branches of the dungeon, and saw 22 of its levels.
You also visited: Sewer and Volcano.

You collected 1711 gold pieces.
You spent 1506 gold pieces at shops.

Inventory:

Hand Weapons
 b - the +9 flail of the Iron City of Dis (weapon) {heavy, rF+}
   (You found it on level 4 of the Lair of Beasts)

   rF:        It protects you from fire.
Missiles
 h - 19 boomerangs (quivered)
 o - 49 poisoned darts
 L - 6 javelins
Armour
 c - the +3 crown of Dyrovepreva (worn) {rElec Int+2 SInv}
   (You bought it in a shop on level 3 of the Dungeon)

   Int:       It affects your intelligence (+2).
   rElec:     It insulates you from electricity.
   SInv:      It lets you see invisible.
 f - a +1 robe of positive energy
 k - the +1 leather armour of Qazlal's Generosity {Stlth+}
   (You found it on level 1 of the Lair of Beasts)

   Stlth:     It makes you more stealthy.
 s - a +2 robe of willpower (worn)
 t - the +3 leather armour of the Saviour {rPois rF++ Str-3 Dex-2}
   (You found it on level 4 of the Dungeon)

   Str:       It affects your strength (-3).
   Dex:       It affects your dexterity (-2).
   rF:        It greatly protects you from fire.
   rPois:     It protects you from poison.
 C - the +5 scale mail of Pan-Flutes {Drain Int+6 Stlth+}
   (You found it on level 8 of the Dungeon)

   Int:       It affects your intelligence (+6).
   Drain:     It drains your maximum health when unequipped.
   Stlth:     It makes you more stealthy.
 I - a +2 pair of gloves (worn)
Magical Staves
 a - a staff of fire
 G - a staff of earth
Jewellery
 n - a +4 ring of protection (left hand)
 u - an amulet of regeneration
 y - an amulet of the acrobat (around neck)
 A - a ring of resist corrosion
 H - a ring of magical power
 P - a +6 ring of strength (right hand)
Wands
 l - a wand of digging (10)
 v - a wand of polymorph (5)
 x - a wand of light (7)
 E - a wand of flame (30)
 O - a wand of charming (11)
Scrolls
 d - 4 scrolls of fog
 r - a scroll of blinking
 B - a scroll of magic mapping
 D - a scroll of poison
 F - a scroll of teleportation
 N - 2 scrolls of fear
 S - 2 scrolls of immolation
 T - 3 scrolls of identify
Potions
 e - 3 potions of lignification
 g - 2 potions of ambrosia
 i - 3 potions of invisibility
 j - 5 potions of curing
 m - 2 potions of might
 p - 2 potions of heal wounds
 q - 4 potions of magic
 w - 2 potions of berserk rage
 z - 4 potions of cancellation
 K - 2 potions of brilliance
 M - 4 potions of haste


   Skills:
 + Level 8.8 Fighting
 - Level 14.0 Maces & Flails
 - Level 1.5 Polearms
 - Level 5.0 Armour
 - Level 10.3 Dodging
 - Level 2.0 Stealth
 - Level 5.0 Spellcasting
 - Level 12.4 Conjurations
 - Level 2.0 Hexes
 - Level 2.0 Translocations
 - Level 14.5 Fire Magic


You had 7 spell levels left.
You knew the following spells:

 Your Spells              Type           Power      Damage    Failure   Level
a - Foxfire               Conj/Fire      100%       2x1d9     1%          1
b - Scorch                Fire           100%       2d9       1%          2
c - Inner Flame           Hex/Fire       41%        N/A       1%          3
d - Volatile Blastmotes   Fire/Tloc      82%        2d16      1%          3
e - Stone Arrow           Conj/Erth      64%        3d11      2%          3
w - Flame Wave            Conj/Fire      60%        2d14      1%          4

Your spell library contained the following spells:

 Spells                   Type           Power      Damage    Failure   Level
 Dazzling Flash           Conj/Hex       74%        N/A       1%          3
 Fireball                 Conj/Fire      30%        3d13      1%          5
 Starburst                Conj/Fire      30%        6d9       6%          6
 Ensorcelled Hibernation  Hex/Ice        18%        N/A       10%         2
 Portal Projectile        Hex/Tloc       28%        N/A       13%         3
 Passwall                 Tmut/Erth      4%         N/A       16%         2
 Frozen Ramparts          Ice            10%        1d2       30%         3
 Swiftness                Air            5%         N/A       30%         3
 Plasma Beam              Fire/Air       18%        2x1d33    61%         6
 Animate Armour           Summ/Erth      10%        N/A       69%         4
 Ice Form                 Ice/Tmut       5%         N/A       69%         4
 Summon Ice Beast         Ice/Summ       5%         N/A       69%         4
 Iron Shot                Conj/Erth      16%        9d4       77%         6
 Yara's Violent Unravell  Hex/Tmut       4%         3d4       88%         5
 Blade Hands              Tmut           2%         N/A       95%         5
 Enfeeble                 Hex            7%         N/A       100%        7
 Lehudib's Crystal Spear  Conj/Erth      16%        10d5      100%        8


Dungeon Overview and Level Annotations

Branches:
Dungeon (14/15) Zot: 26844  Temple (1/1) D:7 Zot: 5589    Lair (5/5) D:8 Zot: 19584
 Shoals (0/4) Lair:2       Spider (0/4) Lair:3        Slime (0/5) Lair:5
    Orc (2/2) D:10 Zot: 9555     Elf (0/3) Orc:2        Vaults (0/5) D:14
  Sewer (visited)         Volcano (visited)

Altars:
Ashenzari
Cheibriados
Dithmenos
Elyvilon
Fedhas
Gozag
Hepliaklqana
Kikubaaqudgha
Makhleb
Nemelex Xobeh
Okawaru
Qazlal
Ru
Sif Muna
Trog
Uskayaw
Vehumet
Wu Jian
Xom
Yredelemnul
Zin
The Shining One

Shops:
D:3 :[=   Orc:2 [?!:(

Annotations:
D:4 exclusion: downstairs
D:7 2 transporters, exclusions: downstairs and ice statue, SirLogeyBear's ghost, novice HOBe
D:14 Rupert
Lair:3 2 exclusions
Lair:5 exclusion: 4 oklob plants


Innate Abilities, Weirdness & Mutations

You have a beak for a mouth.
You have claws for feet.
Your magical nature lets you fly swiftly and evasively.


Message History

Casting: Flame Wave (safe; 1% risk of failure)
Press: ? - help, Dir - look around, f - activate A wave of flame ripples out!
The flame wave engulfs the komodo dragon!!
You kill the komodo dragon! (Press . to intensify the flame waves.)
You hear an angry hiss.
Found an Everburning Encyclopedia.
Found 18 gold pieces.
The komodo dragon completely misses you.
You see here an Everburning Encyclopedia.
You see here 18 gold pieces.
Found a throwing net.
You see here a throwing net.
J - a throwing net
Okay, then.
Unknown command.
Okay, then.
Throw: throwing net
Press: ? - help, Shift-Dir - straight line, f - komodo dragon
Aim: a komodo dragon (70% to hit)
You throw a throwing net.
The throwing net barely misses the komodo dragon.
You thump the komodo dragon!
You claw the komodo dragon, but do no damage.
Your peck misses the komodo dragon.
The komodo dragon is moderately wounded.
The komodo dragon bites you!
* * * LOW HITPOINT WARNING * * *
You draw a card...
You have drawn the Orb.
Press: ? - help, Shift-Dir - straight line, f/p - komodo dragon
Aim: a komodo dragon (moderately wounded)
Your orb of destruction hits a rock wall. x4
The komodo dragon bites you!
* * * LOW HITPOINT WARNING * * *
You draw a card...
You have drawn the Tomb.
Walls emerge from the floor!
The komodo dragon bites you!!
You die...
Your body disappears without a glow.

▒.▒ ▒...%... ▒.▒ ▒..
▒.▒▒▒.▒. ▒.▒ ▒.▒ ▒.▒
▒.▒. ▒.▒ ▒.▒ ▒.▒ ▒.▒.
▒.▒ ▒.▒.▒▒▒▒▒▒▒.▒ ▒.▒.
▒K▒ ▒.▒.........▒ ▒.▒.
▒.▒ ▒.▒.[▒▒.....▒▒▒.▒.
▒.▒▒▒▒▒..............▒.
▒(..KlQ▒.............▒.
▒▒▒▒▒▒▒▒▒.▒▒.▒▒........
▒.▒▒....▒▒▒▒▒..
▒[........▒...▒
▒▒▒▒▒▒▒▒▒.▒..▒▒ ▒......
▒▒.▒▒▒▒ ▒.▒ ▒.▒


You could see a komodo dragon and a kobold.

Vanquished Creatures
  2 hydras
  3 catoblepae (Lair:5)
  3 ogre magi (Orc:2)
  Erica (D:8)
  A centaur warrior (D:14)
  3 boulder beetles
  5 death yaks (Lair:5)
  2 two-headed ogres
  Urug (Lair:4)
  2 skysharks (Lair:5)
  Nergalle (Orc:2)
  2 harpies (Lair:2)
  A lindwurm (Lair:2)
  2 ugly things
  5 orc sorcerers (Orc:2)
  2 manticores
  A salamander (Orc:2)
  3 black mambas
  A demonic crawler (Volcano)
  Joseph (D:8)
  3 elephants (Lair:3)
  A gargoyle (D:9)
  An unseen horror (D:10)
  11 cane toads
  Psyche (D:8)
  2 rime drakes
  8 komodo dragons
  3 trolls
  A polar bear (Lair:5)
  A raiju (Lair:5)
  18 blink frogs
  A slime creature (Lair:2)
  Grum (D:9)
  A wraith (D:10)
  A fire elemental (Lair:4)
  4 humans
  6 wyverns
  53 yaks
  A hog (shapeshifter) (D:13)
  A basilisk (Lair:1)
  3 redbacks (Lair:3)
  3 vampire mosquitoes (D:10)
  4 wargs
  Edmund (D:5)
  An acid dragon (D:7)
  13 water moccasins
  12 orc warriors
  2 ice beasts (D:7)
  5 black bears
  2 sky beasts
  3 ogres
  11 wolves
  A phantom (D:5)
  Blork the orc (D:4)
  5 kobold brigands
  2 bullfrogs
  A gnoll sergeant (D:9)
  2 scorpions
  3 electric eels
  2 lava snakes (Lair:4)
  2 howler monkeys
  A hound (D:6)
  A jelly (D:5)
  6 orc priests
  3 sleepcaps (D:6)
  5 iguanas
  41 orc wizards
  Natasha (thrice) (D:2)
  7 gnolls
  6 adders
  2 river rats
  2 ufetubi (D:5)
  4 worms
  3 dart slugs
  61 orcs
  14 ball pythons
  11 endoplasms
  3 giant cockroaches
  6 goblins
  2 hobgoblins
  8 jackals
  6 quokkas
  11 bats
  2 frilled lizards
  33 kobolds
  18 rats
499 creatures vanquished.

Vanquished Creatures (collateral kills)
  A ghost moth (Lair:4)
  An orc knight (Orc:1)
  17 foxfires
19 creatures vanquished.

Vanquished Creatures (others)
  An orc wizard (Orc:2)
  791 foxfires
792 creatures vanquished.

Grand Total: 1310 creatures vanquished

Notes
Turn   | Place    | Note
-------+----------+-------------------------------------------
     0 | D:1      | shmup the Tengu Fire Elementalist began the quest for the
                  | Orb.
     0 | D:1      | Reached XP level 1. HP: 10/10 MP: 4/4
   279 | D:1      | Reached XP level 2. HP: 15/15 MP: 4/6
   664 | D:1      | Learned a level 2 spell: Scorch
   968 | D:2      | Reached XP level 3. HP: 19/19 MP: 3/7
  1548 | D:2      | Reached XP level 4. HP: 24/24 MP: 6/8
  1624 | D:2      | Noticed Natasha
  1630 | D:2      | Killed Natasha
  1631 | D:2      | Reached skill level 5 in Fire Magic
  1898 | D:2      | Noticed Natasha
  1904 | D:2      | Killed Natasha
  1953 | D:2      | Noticed Natasha
  1964 | D:2      | Killed Natasha
  1965 | D:2      | Gained mutation: Your magical nature lets you fly swiftly
                  | and evasively. [Tengu growth]
  1965 | D:2      | Reached XP level 5. HP: 28/28 MP: 4/9
  2298 | D:3      | Reached XP level 6. HP: 31/32 MP: 5/10
  2487 | D:3      | Found Ytarghutt's Book Emporium.
  2549 | D:3      | Found Ebedoiq's Jewellery Emporium.
  2860 | D:3      | Learned a level 3 spell: Inner Flame
  2865 | D:3      | Learned a level 3 spell: Volatile Blastmotes
  2875 | D:3      | Found a faded altar of an unknown god.
  2949 | D:3      | Found Opiezxor's Antique Armour Emporium.
  2955 | D:3      | Bought a runed robe for 77 gold pieces
  3251 | D:4      | Noticed Blork the orc
  3260 | D:4      | Killed Blork the orc
  3382 | D:4      | Identified the +3 leather armour of the Saviour {rPois rF++
                  | Str-3 Dex-2}
  3509 | D:4      | Reached XP level 7. HP: 36/36 MP: 11/13
  3793 | D:4      | Learned a level 4 spell: Flame Wave
  3925 | D:4      | Found a glowing drain.
  3931 | Sewer    | Entered a sewer
  4349 | Sewer    | Reached skill level 1 in Fighting
  5127 | D:5      | Entered Level 5 of the Dungeon
  5127 | D:5      | Noticed Edmund
  5573 | D:5      | Reached XP level 8. HP: 46/46 MP: 10/15
  5670 | D:5      | Reached skill level 5 in Dodging
  5815 | D:5      | Killed Edmund
  5925 | D:5      | Found a blossoming altar of Fedhas.
  5943 | D:5      | Found a broken altar of Ashenzari.
  6679 | D:6      | Reached skill level 5 in Fighting
  7953 | D:7      | Found a transporter.
  7961 | D:6      | Reached XP level 9. HP: 54/54 MP: 6/16
  7964 | D:6      | Reached skill level 5 in Conjurations
  7964 | D:6      | Reached skill level 1 in Hexes
  8201 | D:7      | Noticed SirLogeyBear's ghost (novice HOBe)
  8432 | D:7      | Found a staircase to the Ecumenical Temple.
  8458 | D:7      | Found a transporter.
  8578 | Temple   | Entered the Ecumenical Temple
  8905 | Temple   | Became a worshipper of Nemelex Xobeh the Trickster
  9039 | D:7      | Noticed a komodo dragon
  9042 | D:7      | Noticed an ice statue
  9238 | D:8      | Noticed Erica
  9301 | D:8      | Identified the +5 scale mail of Pan-Flutes {Drain Int+6
                  | Stlth+}
  9621 | D:8      | Noticed Psyche
  9748 | D:8      | Killed Psyche
  9906 | D:8      | Reached XP level 10. HP: 59/59 MP: 6/17
 10135 | D:8      | Noticed Joseph
 10220 | D:9      | Noticed a gargoyle
 10230 | D:9      | Killed a gargoyle
 10231 | D:9      | Reached skill level 1 in Translocations
 10292 | D:9      | Noticed a two-headed ogre
 10318 | D:9      | Killed a two-headed ogre
 10959 | D:9      | Reached skill level 10 in Conjurations
 10959 | D:9      | Reached skill level 10 in Fire Magic
 10964 | D:9      | Found a transporter.
 11242 | D:9      | Reached * piety under Nemelex Xobeh
 11248 | D:9      | Found a transporter.
 11255 | D:9      | Noticed Grum
 11307 | D:9      | Killed Grum
 12005 | D:8      | Reached XP level 11. HP: 64/64 MP: 13/18
 12037 | D:8      | Found a staircase to the Lair.
 12190 | D:8      | Received a gift from Nemelex Xobeh
 12242 | D:8      | Killed Joseph
 12243 | D:8      | Reached skill level 1 in Armour
 12814 | D:10     | Entered Level 10 of the Dungeon
 12839 | D:10     | Found a staircase to the Orcish Mines.
 13148 | D:10     | Reached ** piety under Nemelex Xobeh
 13318 | D:10     | Noticed a two-headed ogre
 13343 | D:10     | Killed a two-headed ogre
 13630 | D:8      | Killed Erica
 13752 | Lair:1   | Entered Level 1 of the Lair of Beasts
 14262 | Lair:1   | Identified the +1 leather armour of Qazlal's Generosity
                  | {Stlth+}
 15327 | Lair:2   | Reached skill level 5 in Armour
 15327 | Lair:2   | Reached skill level 10 in Dodging
 15328 | Lair:2   | Reached XP level 12. HP: 56/72 MP: 13/19
 15441 | Lair:2   | Received a gift from Nemelex Xobeh
 15470 | Lair:2   | Found a staircase to the Shoals.
 15477 | Lair:2   | Reached *** piety under Nemelex Xobeh
 15743 | Lair:2   | Found a dark tunnel.
 15830 | Volcano  | Entered a volcano
 16039 | Lair:2   | Received a gift from Nemelex Xobeh
 16431 | Lair:2   | Noticed a boulder beetle
 16473 | Lair:2   | Killed a boulder beetle
 16621 | Lair:2   | Noticed a boulder beetle
 16661 | Lair:2   | a boulder beetle changed into a slime creature
 17023 | Lair:3   | Reached **** piety under Nemelex Xobeh
 17023 | Lair:3   | Received a gift from Nemelex Xobeh
 18091 | Lair:3   | Found a hole to the Spider Nest.
 18939 | Lair:4   | Reached skill level 1 in Polearms
 19009 | Lair:4   | Identified the +9 flail of the Iron City of Dis {heavy,
                  | rF+}
 19037 | Lair:4   | Reached skill level 1 in Maces & Flails
 19037 | Lair:4   | Reached XP level 13. HP: 51/77 MP: 15/20
 19326 | Lair:4   | Received a gift from Nemelex Xobeh
 19334 | Lair:4   | Noticed Urug
 19342 | Lair:4   | Killed Urug
 19919 | Lair:5   | Entered Level 5 of the Lair of Beasts
 20211 | Lair:5   | Reached skill level 5 in Maces & Flails
 21058 | Lair:5   | Received a gift from Nemelex Xobeh
 22639 | Lair:5   | a death yak changed into a minotaur
 22639 | Lair:5   | Noticed a minotaur
 22958 | Orc:1    | Entered Level 1 of the Orcish Mines
 23554 | Orc:1    | Reached skill level 10 in Maces & Flails
 23759 | Orc:1    | Reached ***** piety under Nemelex Xobeh
 23798 | Orc:2    | Entered Level 2 of the Orcish Mines
 23798 | Orc:2    | Found a staircase to the Elven Halls.
 24109 | D:3      | Bought the +3 crown of Dyrovepreva {rElec Int+2 SInv} for
                  | 869 gold pieces
 24109 | D:3      | Found the +3 crown of Dyrovepreva {rElec Int+2 SInv}
 24756 | Orc:2    | Found Wyehitoo's Weapon Emporium.
 24759 | Orc:2    | Received a gift from Nemelex Xobeh
 25475 | Orc:2    | Found Tojy Uttay's Book Shoppe.
 25488 | Orc:2    | Bought a book of Armaments for 360 gold pieces
 25492 | Orc:2    | Learned a level 3 spell: Stone Arrow
 25547 | Orc:2    | Found a radiant altar of Vehumet.
 25694 | Orc:2    | Reached XP level 14. HP: 82/82 MP: 18/21
 25719 | Orc:2    | Found Juteopid's Distillery.
 25796 | Orc:2    | Noticed Nergalle
 25810 | Orc:2    | Killed Nergalle
 25907 | Orc:2    | Found Miasm's Magic Scroll Shoppe.
 25949 | Orc:2    | Found Aquhy's Antique Armour Emporium.
 25997 | Orc:2    | Found an ancient bone altar of Kikubaaqudgha.
 26054 | Orc:2    | Bought 2 potions of curing for 60 gold pieces
 26054 | Orc:2    | Bought a potion of magic for 80 gold pieces
 26086 | Orc:2    | Bought a scroll of fog for 60 gold pieces
 26415 | Lair:4   | a minotaur changed into a ghost moth
 26415 | Lair:4   | Noticed a ghost moth
 26425 | Lair:4   | Killed a ghost moth
 27501 | Lair:5   | Got Sif Muna's Secrets of Heavy Bad Luck
 27765 | Lair:5   | Found a staircase to the Slime Pits.
 28134 | Lair:5   | Identified a scroll of acquirement
 28134 | Lair:5   | Acquired a book of Fire
 28878 | D:11     | You are sucked into a shaft and drop 3 floors!
 28972 | D:14     | Received a gift from Nemelex Xobeh
 29052 | D:14     | Reached skill level 5 in Spellcasting
 29171 | D:14     | Found a gate to the Vaults.
 29174 | D:14     | Noticed Rupert
 29578 | D:11     | Mangled by a komodo dragon

Illustrated notes

Levels and vault maps discovered:
D:1:      dpeg_arrival_simpleton_b, layout_loops_ring, serial_bayou_pond_c
D:2:      layout_rooms, uniq_natasha
D:3:      layout_loops_ring, serial_shops, shop, nicolae_shop_crystal,
          nicolae_shop_statue_plus,
          hellmonk_ecumenical_altar_pennies_from_heaven
D:4:      nicolae_cairo_tiling_large, layout_cave_pods, portal_sewer_entry_e,
          uniq_blork_the_orc
D:5:      layout_basic, grunt_temple_overflow_open, hex_tiny, uniq_edmund
D:6:      layout_gridville
D:7:      layout_cave_pools, temple_fountains, nzn_ghost_randoct
D:8:      layout_loops_cross, minmay_lair_entry_grove, uniq_erica, uniq_joseph,
          uniq_psyche
D:9:      gammafunk_steamed_eel, layout_basic, uniq_grum
D:10:     layout_rooms
D:11:     layout_loops_ring, minmay_lizard_king
D:12:     layout_basic
D:13:     layout_rooms, uniq_snorg
D:14:     layout_long_grid, david_vaults_3, nicolae_wwwww
Temple:   mainiacjoe_temple_big_plus
Lair:1:   layout_misc_corridors, infiniplex_staircase_pool, grunt_megastairs_2,
          serial_bayou_shore_b
Lair:2:   layout_regular_city, nicolae_shoals_entry_roost,
          nicolae_volcano_entry_vermiform, nicolae_quartered_pool_medium,
          nzn_sisyphean_effort, lemuel_fruit_tree
Lair:3:   layout_gridlike, spider_nest_entry_webs
Lair:4:   layout_gridlike, cheibrodos_lair_caveside_slide, uniq_urug
Lair:5:   evilmike_catoblepas_cave, layout_small_grid,
          minmay_slime_entry_oklob_enclosed
Orc:1:    nicolae_orc_accident_1, layout_diamond_mine
Orc:2:    kennysheep_orc_mage_school, layout_diamond_mine, serial_shops,
          nicolae_shop_tiny_statue_garden

Skill      XL: |  1  2  3  4  5  6  7  8  9 10 11 12 13 14 |
---------------+-------------------------------------------+-----
Conjurations   | 2 3 4 8 10 12 | 12.4
Fire Magic     | 4 5 6 8 11 12 14 | 14.5
Spellcasting   | 3 4 5 |  5.0
Fighting       | 3 5 7 8 |  8.8
Dodging        | 4 6 10 | 10.3
Hexes          | 2 |  2.0
Translocations | 2 |  2.0
Armour         | 5 |  5.0
Polearms       | 1 |  1.5
Maces & Flails | 1 11 14 | 14.0
Stealth        | |  2.0

Action                     |  1- 3 |  4- 6 |  7- 9 | 10-12 | 13-15 || total
---------------------------+-------+-------+-------+-------+-------++-------
  Melee: Dagger            |     3 |    42 |    31 |    11 |       ||    87
         Peck              |     1 |     4 |     7 |    13 |    49 ||    74
         Kick              |       |    14 |     8 |    29 |    61 ||   112
         Punch             |       |       |     1 |     1 |     1 ||     3
         Staff             |       |       |     3 |     4 |     3 ||    10
         Trident           |       |       |       |    59 |     3 ||    62
         Flail             |       |       |       |     5 |   175 ||   180
  Throw: Throwing net      |       |       |       |       |     1 ||     1
   Cast: Foxfire           |    58 |    42 |    91 |    98 |   190 ||   479
         Scorch            |     4 |    24 |    93 |   133 |   117 ||   371
         Flame Wave        |       |       |     2 |    12 |    23 ||    37
         Volatile Blastmot |       |       |     3 |    21 |    13 ||    37
         Inner Flame       |       |       |     2 |    50 |    52 ||   104
         Stone Arrow       |       |       |       |       |     1 ||     1
 Invoke: Draw Destruction  |       |       |       |    15 |    29 ||    44
         Draw Summoning    |       |       |       |       |     3 ||     3
         Draw Escape       |       |       |       |       |     3 ||     3
  Evoke: Wand              |       |       |       |     4 |     3 ||     7
    Use: Scroll            |     1 |     7 |    13 |    13 |     7 ||    41
         Potion            |       |       |       |     1 |    11 ||    12
 Armour: Robe              |     4 |    27 |    14 |    50 |   111 ||   206
  Dodge: Dodged            |    23 |    30 |    58 |   206 |   345 ||   662
